 Dungeon Crawl Stone Soup version 0.26-a0-690-gcb57259078 (webtiles) character file.

Game seed: 4891955947538234207

12 somkeydreadnuts the Stinger (level 2, -6/19 HPs)
             Began as a Formicid Venom Mage on Oct 25, 2020.
             Mangled by a gnoll
             ... wielding a +0 spear
              (7 damage)
             ... on level 1 of the Dungeon.
             The game lasted 00:02:01 (486 turns).

somkeydreadnuts the Stinger (Formicid Venom Mage)    Turns: 486, Time: 00:02:04

Health: -6/19      AC:  2    Str: 12    XL:     2   Next: 45%
Magic:  0/5        EV: 12    Int: 14    God:
Gold:   29         SH:  0    Dex: 11    Spells: 4/5 levels left

rFire    . . .     SeeInvis +   (no weapon)
rCold    . . .     Faith    .   (no shield)
rNeg     . . .     Spirit   .   a - +0 robe
rPois    .         Reflect  .   (helmet unavailable)
rElec    .         Harm     .   (no cloak)
rCorr    .         Rampage  .   (no gloves)
MR       .....                  (no boots)
Stlth    ++........             (no amulet)
HPRegen  0.06/turn              (no ring)
MPRegen  0.09/turn              (no ring)

@: very slightly contaminated
A: permanent stasis, dig shafts and tunnels, four strong arms, antennae 3
a: Dig, Shaft Self


You were on level 1 of the Dungeon.
You visited 1 branch of the dungeon, and saw 1 of its levels.

You collected 29 gold pieces.

Inventory:

Armour
 a - a +0 robe (worn)


   Skills:
 - Level 1.7 Dodging
 - Level 2.4 Stealth
 - Level 2.3 Spellcasting
 - Level 1.1 Transmutations
 + Level 4.8 Poison Magic


You had 4 spell levels left.
You knew the following spells:

 Your Spells              Type           Power        Failure   Level
a - Sting                 Tmut/Pois      ##..         7%          1

Your spell library contained the following spells:

 Spells                   Type           Power        Failure   Level
 Poisonous Vapours        Pois/Air       #.....       13%         2
 Ignite Poison            Fire/Tmut/Pois #.......     30%         3
 Olgreb's Toxic Radiance  Pois           ###.....     30%         4
 Mephitic Cloud           Conj/Pois/Air  #.......     34%         3


Dungeon Overview and Level Annotations

Branches:
Dungeon (1/15)

Altars:


Innate Abilities, Weirdness & Mutations

You cannot be hasted, slowed, berserked, paralysed or teleported.
You can dig through walls and to a lower floor.
Your four strong arms can wield two-handed weapons with a shield.
You have a pair of large antennae on your head. (SInv)


Message History

The sting misses the gnoll.
The gnoll hits you from afar with a +0 spear!
* * * LOW HITPOINT WARNING * * *
Casting: Sting (safe; 7% risk of failure)
Confirm with . or Enter, or press ? or * to list all spells.
Aiming: Sting (safe; 7% risk of failure)
Press: ? - help, Shift-Dir - straight line, f/p - gnoll
Aim: a gnoll, wielding a +0 spear You miscast Sting.
You are very lightly contaminated with residual magic.
Nothing appears to happen.
The gnoll closely misses you.
Casting: Sting (safe; 7% risk of failure)
Confirm with . or Enter, or press ? or * to list all spells.
Aiming: Sting (safe; 7% risk of failure)
Press: ? - help, Shift-Dir - straight line, f/p - gnoll
Aim: a gnoll, wielding a +0 spear The sting hits the gnoll.
The gnoll is poisoned.
The gnoll is moderately wounded.
The gnoll hits you from afar with a +0 spear!
You die...

###
..#
#.#
#.#
#.#
#g#
#.#
#@#
#.#
##.##
#.#.#
##.##
#.#
#.#
#.##
#..#


You could see a gnoll (poisoned).

Vanquished Creatures
  A giant cockroach (D:1)
  A goblin (D:1)
  A hobgoblin (D:1)
  2 jackals (D:1)
  3 kobolds (D:1)
  4 rats (D:1)
12 creatures vanquished.

Notes
Turn   | Place    | Note
-------+----------+-------------------------------------------
     0 | D:1      | somkeydreadnuts the Formicid Venom Mage began the quest for
                  | the Orb.
     0 | D:1      | Reached XP level 1. HP: 13/13 MP: 3/3
   197 | D:1      | Reached XP level 2. HP: 19/19 MP: 3/5
   486 | D:1      | Mangled by a gnoll

Illustrated notes

Levels and vault maps discovered:
D:1:      minmay_arrival_checkered_box, layout_loops_ring

Action                   || total
-------------------------++-------
Melee: Unarmed           ||    11
 Cast: Sting             ||    23
Armor: Robe              ||     3
Dodge: Dodged            ||    12

Table legend: (Time is in decaauts)
 A = Elapsed time spent in this place.
 B = Non-inter-level travel time spent in this place.
 C = Inter-level travel time spent in this place.
 D = Time resting spent in this place.
 E = Time spent auto-exploring this place.
 F = Levels seen in this place.
 G = Mean time per level.
                   A        B        C        D        E       F      G
               +--------+--------+--------+--------+--------+-----+--------+
         Total |    486 |    486 |      0 |      0 |    378 |   1 |  486.0 |
       Dungeon |    486 |    486 |      0 |      0 |    378 |   1 |  486.0 |
               +--------+--------+--------+--------+--------+-----+--------+

Top non-repeatable levels by time:
     D:1: 486 daAuts
